 Dungeon Crawl Stone Soup version 0.30.0-15-g856e2d3f33 (webtiles) character file.

Game seed: 2429077878664748407

80431 qw the Severer (level 15, -1/96 HPs)
             Began as a Gargoyle Fighter on May 19, 2023.
             Was a High Priest of Okawaru.
             Slain by an orc warrior
             ... wielding a +0 glaive
             ... led by Saint Roka
              (5 damage)
             ... on level 2 of the Orcish Mines.
             The game lasted 00:11:11 (20377 turns).

qw the Severer (Gargoyle Fighter)                  Turns: 20377, Time: 00:11:11

Health: -1/96      AC: 40    Str: 28    XL:     15   Next: 67%
Magic:  18/22      EV: 10    Int: 10    God:    Okawaru [*****.]
Gold:   1072       SH: 13    Dex:  9    Spells: 14/14 levels left

rFire   . . .        j - +5 broad axe of Dewanane {freeze, rElec rCorr}
rCold   + . .        e - +0 kite shield
rNeg    + . .        q - +1 plate armour
rPois   inf          i - +2 hat
rElec   +            (no cloak)
rCorr   +            w - +0 pair of gloves
SInv    .            x - +2 pair of boots
Will    +....        C - amulet "Mummagg" {Faith Regen+ Str+2} Stlth
                     n - +4 ring of protection
HPRegen 1.16/turn    v - ring of protection from cold
MPRegen 0.18/turn

%: faith
@: about to teleport, heroic, finesse-ful, flying
A: sickness immunity, AC +11, big wings, negative energy resistance 1,
electricity resistance, torment resistance 1, petrification resistance, hooves
1, wild magic 1
a: Renounce Religion, Heroism, Finesse, Duel


You were on level 2 of the Orcish Mines.
You worshipped Okawaru.
Okawaru was extremely pleased with you.
You visited 3 branches of the dungeon, and saw 22 of its levels.

You collected 2024 gold pieces.
You spent 952 gold pieces at shops.


Innate Abilities, Weirdness & Mutations

You are immune to sickness and miasma.
Your stone body is resilient. (AC +11)
You are immune to poison.
Your large and strong wings let you fly.
You resist negative energy. (rN+)
You are resistant to electric shocks. (rElec)
You are resistant to unholy torment.
You are immune to petrification.
You have large cloven feet.
Your spells are a little harder to cast, but a little more powerful.


   Skills:
 - Level 12.0(17.0) Fighting
 - Level 16.0(21.0) Axes
 - Level 6.0(11.0) Throwing
 - Level 11.0(16.0) Armour
 - Level 3.7(8.7) Dodging
 + Level 12.4(17.4) Shields
 - Level 10.0 Invocations


You had 14 spell levels left.
You didn't know any spells.
Your spell library was empty.

Inventory:

Hand Weapons
 j - the +5 broad axe of Dewanane (weapon) {freeze, rElec rCorr}
   (You acquired it on level 2 of the Lair of Beasts)

   rElec:     It insulates you from electricity.
   rCorr:     It protects you from acid and corrosion.
 u - a +4 war axe of flaming
Missiles
 y - 8 boomerangs (quivered)
Armour
 e - a +0 kite shield (worn)
 i - a +2 hat (worn)
 m - +0 acid dragon scales
 q - a +1 plate armour (worn)
 w - a +0 pair of gloves (worn)
 x - a +2 pair of boots (worn)
Jewellery
 n - a +4 ring of protection (left hand)
 v - a ring of protection from cold (right hand)
 A - a ring of resist corrosion
 C - the amulet "Mummagg" (around neck) {Faith Regen+ Str+2}
   (You took it off an ogre mage on level 10 of the Dungeon)

   [amulet of faith]

   It allows you to gain divine favour quickly.
   Str:       It affects your strength (+2).
   Regen:     It increases your rate of health regeneration.
 Y - a +6 ring of dexterity
Scrolls
 a - 8 scrolls of identify
 p - 3 scrolls of teleportation
 B - 2 scrolls of enchant weapon
Potions
 b - 4 potions of haste
 c - a potion of resistance
 d - 3 potions of might
 f - 2 potions of lignification
 g - 5 potions of attraction
 h - 12 potions of curing
 l - 3 potions of mutation
 t - a potion of magic
 z - a potion of cancellation

Dungeon Overview and Level Annotations

Branches:
Dungeon (15/15)            Temple (0/1) D:5            Lair (5/5) D:9
 Shoals (0/4) Lair:3        Snake (0/4) Lair:2        Slime (0/5) Lair:5
    Orc (2/2) D:10            Elf (0/3) Orc:2        Vaults (0/5) D:14
 Depths (0/4) D:15

Altars:
Elyvilon
Fedhas
Hepliaklqana
Okawaru
Zin
Jiyva

Shops:
D:4 :   D:14 =

Portals:
Abyss: Lair:2

Annotations:
Lair:2 2 transporters, qw's ghost, journeyman GrCA
Lair:3 1 runed translucent door, qw's ghost, journeyman GrFi
Orc:1 1 runed translucent door, Dinant's ghost, journeyman DsMo
Orc:2 Saint Roka


Message History

You block the orc knight's attack.
The orc warrior hits you from afar with a +0 glaive!
You block the orc warrior's attack.
Saint Roka hits you with a +3 dire flail!
You hit the orc knight. You freeze the orc knight.
The orc knight is almost dead.
You barely miss Saint Roka. You slice the orc knight!!
You freeze the orc knight.
You kill the orc knight!
Okawaru accepts your kill.
You slash Saint Roka! You freeze Saint Roka. You slash Saint Roka!
You freeze Saint Roka.
Saint Roka is lightly wounded.
The orc warrior no longer looks unusually strong.
The orc warrior hits you but does no damage. x2
You slice Saint Roka like a ripe choko!!!
You freeze Saint Roka!
Saint Roka is moderately wounded.
You slash the orc warrior! You freeze the orc warrior. You slash Saint Roka!
You freeze Saint Roka.
Saint Roka is moderately wounded.
You slash the orc warrior! You freeze the orc warrior.
You slice the orc warrior!! You freeze the orc warrior.
You kill the orc warrior!
Okawaru accepts your kill.
You slash Saint Roka! You freeze Saint Roka.
The orc warrior hits you but does no damage.
You block the orc warrior's attack.
Saint Roka mumbles some strange prayers to Beogh against you.
Beogh smites you!
Your base Armour skill increases to level 11!
You slash Saint Roka! You freeze Saint Roka.
Saint Roka is heavily wounded.
You closely miss the orc warrior. You slice Saint Roka!! You freeze Saint Roka.
Saint Roka is severely wounded.
You hit the orc warrior but do no damage.
You block the orc warrior's attack. The orc warrior barely misses you.
The orc warrior hits you from afar with a +0 glaive.
You die...

.... ##.oh......
...#
##................
.###
#..8.............
# ######.........#
......... #....o#
#..oo.# #8o).8#
#o@)..# #.)...###
##.......#
###.......#..
##............
##.............
#........#.....
##.#......#....
##...#..##...


You could see Saint Roka (strong), an orc high priest (strong) and 3 orc
warriors.

Vanquished Creatures
  Jorgrun (Orc:1)
  Rupert (D:15)
  Gastronok (D:12)
  Kirke (D:14)
  Roxanne (D:14)
  A stone giant (D:15)
  Josephine (Lair:5)
  3 hydras
  Erolcha (D:10)
  2 boulder beetles
  An ogre mage (D:10)
  Erica (D:9)
  5 centaur warriors
  3 tengu warriors (D:15)
  8 two-headed ogres
  Urug (Lair:5)
  A skyshark (Lair:4)
  3 orc knights
  2 wizards (D:15)
  A wolf spider (Lair:5)
  5 manticores
  6 orc sorcerers
  15 ugly things
  5 cyclopes
  A salamander (Lair:4)
  6 black mambas (Lair:5)
  A guardian serpent (Lair:5)
  A torpor snail (Lair:5)
  An elephant (shapeshifter) (D:10)
  Joseph (D:7)
  11 cane toads
  5 gargoyles
  2 unseen horrors
  10 komodo dragons
  A yaktaur (D:10)
  Psyche (D:8)
  A rime drake (Lair:2)
  A freezing wraith (D:15)
  2 polar bears (Lair:5)
  6 trolls
  3 hornets
  A wind drake (Lair:3)
  Grinder (D:5)
  11 blink frogs
  2 shadows
  A vampire (D:10)
  50 yaks
  7 wraiths
  A spriggan (shapeshifter) (D:15)
  4 steam dragons
  4 hogs (D:14)
  2 redbacks (Lair:5)
  5 basilisks
  18 wyverns
  6 vampire mosquitoes
  7 nagas (Lair:2)
  Duvessa (D:7)
  4 acid dragons
  17 water moccasins
  A warg (Orc:2)
  27 orc warriors
  A sky beast (D:7)
  2 black bears (D:7)
  3 ice beasts (D:7)
  17 wolves
  7 centaurs
  6 ogres
  A phantom (D:6)
  Blork the orc (Orc:2)
  3 kobold brigands
  11 bullfrogs
  3 gnoll sergeants
  2 scorpions
  7 wights
  Dowan (D:7)
  7 killer bees
  An elephant simulacrum (D:13)
  5 howler monkeys
  5 electric eels
  A lava snake (Lair:4)
  5 hounds
  5 orc priests
  6 jellies
  A sleepcap (D:5)
  2 iguanas
  18 orc wizards
  A troll simulacrum (D:13)
  A polar bear simulacrum (D:13)
  2 spriggan simulacra (D:13)
  A wolf simulacrum (D:13)
  12 gnolls
  4 adders
  2 naga simulacra (D:13)
  2 shadow imps
  4 white imps
  3 ufetubi
  5 worms
  5 dart slugs
  58 orcs
  7 ball pythons
  4 bats
  4 endoplasms
  A giant cockroach (D:3)
  5 goblins
  10 hobgoblins
  2 jackals (D:4)
  8 quokkas
  4 frilled lizards
  19 kobolds
  6 rats
  A spectral hobgoblin (D:13)
  A fire vortex (Lair:4)
587 creatures vanquished.

Vanquished Creatures (others)
  A boggart (D:10)
  An orc wizard (Orc:1)
  A fire vortex (Lair:4)
3 creatures vanquished.

Grand Total: 590 creatures vanquished

Notes
Turn   | Place    | Note
-------+----------+-------------------------------------------
     0 | D:1      | qw the Gargoyle Fighter began the quest for the Orb.
     0 | D:1      | Reached XP level 1. HP: 14/14 MP: 1/1
     0 | D:1      | 0 ||| qw: Version: 0.2-a-96-g8eb1148
     0 | D:1      | 0 ||| qw: Game counter: 12
     0 | D:1      | 0 ||| qw: Always use a shield: true
     0 | D:1      | 0 ||| qw: God list: Okawaru
     0 | D:1      | 0 ||| qw: Allow faded altars: false
     0 | D:1      | 0 ||| qw: Do Orc after D:15 true
     0 | D:1      | 0 ||| qw: Do second Lair branch before Depths: true
     0 | D:1      | 0 ||| qw: Lair rune preference: random
     0 | D:1      | 0 ||| qw: Plans: Normal, Zot:1-4, God:TSO, Crypt, Tomb,
                  | Pan, Slime:5, Hells, Abyss, Win
     0 | D:1      | 0 ||| PLANNING D:1-11
     3 | D:1      | Noticed an electric eel
     4 | D:1      | Noticed an electric eel
   140 | D:1      | Reached skill level 2 in Axes
   198 | D:1      | Reached XP level 2. HP: 19/19 MP: 2/2
   613 | D:1      | 613 ||| Stepping ~*~*~tactically~*~*~ (stealth).
   617 | D:1      | 617 ||| Stepping ~*~*~tactically~*~*~ (stealth).
   760 | D:1      | 760 ||| DROPPING orb of energy.
   761 | D:1      | 761 ||| UPGRADING to ring of protection from cold.
   762 | D:1      | 762 ||| READING 2 scrolls labelled DAPHAU SITIP.
   763 | D:1      | 763 ||| READING scroll labelled LYNAYH PARPH.
   764 | D:1      | 764 ||| READING scroll labelled KISTIV XOKIACW.
   765 | D:1      | 765 ||| READING scroll labelled YCIENA VOT.
   766 | D:1      | 766 ||| READING scroll labelled MEDDUFR TOAMYI.
   767 | D:1      | 767 ||| READING scroll labelled INEMYL PECRUCY.
   868 | D:1      | 868 ||| READING scroll labelled YBBIYT BURGHEK.
   869 | D:1      | 869 ||| DROPPING scroll of magic mapping.
   886 | D:2      | Reached skill level 3 in Axes
   939 | D:2      | Reached XP level 3. HP: 23/23 MP: 3/3
  1184 | D:2      | 1184 ||| Stepping ~*~*~tactically~*~*~ (stealth).
  1278 | D:2      | 1278 ||| Stepping ~*~*~tactically~*~*~ (hiding).
  1279 | D:2      | 1279 ||| Stepping ~*~*~tactically~*~*~ (hiding).
  1467 | D:2      | Reached XP level 4. HP: 28/28 MP: 4/4
  1718 | D:2      | 1718 ||| DROPPING scarf of shadows.
  1719 | D:2      | 1719 ||| READING scroll labelled TITOITHRAROE.
  1720 | D:2      | 1720 ||| DROPPING +0 whip.
  1721 | D:2      | 1721 ||| READING scroll labelled CAAWNE FAOVURO.
  1738 | D:3      | 1738 ||| Stepping ~*~*~tactically~*~*~ (hiding).
  1762 | D:3      | 1762 ||| Stepping ~*~*~tactically~*~*~ (hiding).
  1944 | D:3      | Reached skill level 4 in Axes
  2237 | D:3      | 2237 ||| Stepping ~*~*~tactically~*~*~ (hiding).
  2360 | D:3      | 2360 ||| Stepping ~*~*~tactically~*~*~ (stealth).
  2363 | D:3      | Found an iron altar of Okawaru.
  2364 | D:3      | 2364 ||| PLANNING OKAWARU WORSHIP
  2381 | D:3      | 2381 ||| READING scroll labelled WADIHO NOBUOKALL.
  2382 | D:3      | 2382 ||| READING scroll labelled AGE JABIWA.
  2383 | D:3      | 2383 ||| READING scroll labelled ZORGHA PEFEM.
  2402 | D:3      | 2402 ||| READING scroll labelled FAZEDA HEUDWE.
  2403 | D:3      | 2403 ||| READING scroll labelled JEB CUUSOIPNUP.
  2404 | D:3      | 2404 ||| DRINKING 2 brown potions.
  2405 | D:3      | 2405 ||| DRINKING 2 metallic inky potions.
  2406 | D:3      | 2406 ||| DROPPING potion of brilliance.
  2413 | D:3      | Became a worshipper of Warmaster Okawaru
  2413 | D:3      | 2413 ||| PLANNING D:1-11
  2512 | D:3      | Found a white marble altar of Elyvilon.
  2588 | D:3      | Reached XP level 5. HP: 31/32 MP: 5/5
  2706 | D:3      | 2706 ||| DRINKING 2 cyan potions.
  2738 | D:4      | 2738 ||| Stepping ~*~*~tactically~*~*~ (hiding).
  2739 | D:4      | 2739 ||| Stepping ~*~*~tactically~*~*~ (hiding).
  2747 | D:4      | Reached skill level 5 in Axes
  2757 | D:4      | 2757 ||| Stepping ~*~*~tactically~*~*~ (stealth).
  2758 | D:4      | 2758 ||| Stepping ~*~*~tactically~*~*~ (stealth).
  2764 | D:4      | 2764 ||| Stepping ~*~*~tactically~*~*~ (stealth).
  2766 | D:4      | 2766 ||| Stepping ~*~*~tactically~*~*~ (stealth).
  2767 | D:4      | 2767 ||| Stepping ~*~*~tactically~*~*~ (stealth).
  2791 | D:4      | 2791 ||| Stepping ~*~*~tactically~*~*~ (stealth).
  2826 | D:4      | 2826 ||| READING scroll of enchant weapon.
  2826 | D:4      | 2826 ||| ENCHANTING +1 war axe of flaming.
  2863 | D:4      | 2863 ||| Stepping ~*~*~tactically~*~*~ (stealth).
  2873 | D:4      | Reached XP level 6. HP: 37/39 MP: 6/6
  2986 | D:4      | Reached skill level 1 in Dodging
  3083 | D:4      | Found Wumo's Book Boutique.
  3186 | D:4      | 3186 ||| READING scroll of enchant weapon.
  3186 | D:4      | 3186 ||| ENCHANTING +2 war axe of flaming.
  3231 | D:4      | 3231 ||| UPGRADING to +2 hat.
  3236 | D:4      | 3236 ||| UPGRADING to ring of positive energy.
  3237 | D:4      | 3237 ||| DRINKING 3 fuming green potions.
  3237 | D:4      | Gained mutation: You possess an exceptional clarity of
                  | mind. [potion of mutation]
  3237 | D:4      | Gained mutation: You are clumsy. (Dex -2) [potion of
                  | mutation]
  3237 | D:4      | Gained mutation: You occasionally lose the ability to drink
                  | potions when taking damage. [potion of mutation]
  3238 | D:4      | 3238 ||| DRINKING 2 potions of mutation.
  3238 | D:4      | Lost mutation: You occasionally lose the ability to drink
                  | potions when taking damage. [potion of mutation]
  3238 | D:4      | Lost mutation: You possess an exceptional clarity of mind.
                  | [potion of mutation]
  3238 | D:4      | Lost mutation: You are clumsy. (Dex -2) [potion of
                  | mutation]
  3238 | D:4      | Gained mutation: You have large cloven feet. [potion of
                  | mutation]
  3238 | D:4      | Gained mutation: Your spells are a little harder to cast,
                  | but a little more powerful. [potion of mutation]
  3239 | D:4      | 3239 ||| READING 3 scrolls of identify.
  3239 | D:4      | 3239 ||| IDENTIFYING glowing sapphire potion
  3240 | D:4      | 3240 ||| READING 2 scrolls of identify.
  3240 | D:4      | 3240 ||| IDENTIFYING fuming yellow potion
  3241 | D:4      | 3241 ||| DROPPING potion of flight.
  3256 | D:5      | Entered Level 5 of the Dungeon
  3262 | D:5      | Reached * piety under Okawaru
  3271 | D:5      | Reached skill level 1 in Invocations
  3271 | D:5      | Reached XP level 7. HP: 41/44 MP: 6/8
  3318 | D:5      | Noticed Grinder
  3319 | D:5      | 3319 ||| INVOKING Heroism.
  3332 | D:5      | Paralysed by Grinder for 3 turns
  3336 | D:5      | 3336 ||| INVOKING Heroism.
  3339 | D:5      | Killed Grinder
  3340 | D:5      | Reached skill level 6 in Axes
  3340 | D:5      | Reached skill level 3 in Invocations
  3353 | D:5      | 3353 ||| INVOKING Heroism.
  3530 | D:5      | 3530 ||| READING scroll of enchant weapon.
  3530 | D:5      | 3530 ||| ENCHANTING +3 war axe of flaming.
  3594 | D:5      | Found a staircase to the Ecumenical Temple.
  3621 | D:5      | Found a blossoming altar of Fedhas.
  3652 | D:5      | Found a hazy altar of Hepliaklqana.
  3738 | D:5      | 3738 ||| Stepping ~*~*~tactically~*~*~ (hiding).
  3741 | D:5      | 3741 ||| INVOKING Heroism.
  3751 | D:5      | Reached XP level 8. HP: 31/48 MP: 8/10
  3882 | D:5      | Identified the +2 pair of boots "Pawibrin" {-Tele +Inv rF-
                  | Int+8}
  3962 | D:5      | 3962 ||| READING 3 scrolls of identify.
  3962 | D:5      | 3962 ||| IDENTIFYING fuming ruby potion
  3963 | D:5      | 3963 ||| READING 2 scrolls of identify.
  3963 | D:5      | 3963 ||| IDENTIFYING glowing white potion
  3964 | D:5      | 3964 ||| DROPPING potion of invisibility.
  3965 | D:5      | 3965 ||| DROPPING potion of berserk rage.
  3995 | D:6      | 3995 ||| INVOKING Heroism.
  4000 | D:6      | Reached skill level 7 in Axes
  4243 | D:6      | 4243 ||| INVOKING Heroism.
  4250 | D:6      | Reached skill level 8 in Axes
  4410 | D:6      | 4410 ||| Stepping ~*~*~tactically~*~*~ (stealth).
  4413 | D:6      | 4413 ||| INVOKING Heroism.
  4655 | D:6      | Reached skill level 1 in Throwing
  4836 | D:6      | 4836 ||| UPGRADING to +0 kite shield.
  4846 | D:6      | 4846 ||| DROPPING +0 buckler.
  4847 | D:6      | 4847 ||| READING 3 scrolls of identify.
  4847 | D:6      | 4847 ||| IDENTIFYING sapphire potion
  4848 | D:6      | 4848 ||| DROPPING potion of degeneration.
  4859 | D:7      | 4859 ||| INVOKING Heroism.
  4915 | D:7      | Noticed Duvessa
  4915 | D:7      | Noticed Dowan
  4916 | D:7      | 4916 ||| INVOKING Heroism.
  4922 | D:7      | Killed Duvessa
  4923 | D:7      | Reached XP level 9. HP: 51/55 MP: 9/12
  4927 | D:7      | Killed Dowan
  4996 | D:7      | Noticed a two-headed ogre
  4997 | D:7      | 4997 ||| Stepping ~*~*~tactically~*~*~ (hiding).
  5003 | D:7      | 5003 ||| INVOKING Heroism.
  5016 | D:7      | HP: 6/55 [two-headed ogre/+0 dire flail of protection (8)]
  5017 | D:7      | 5017 ||| DRINKING 2 potions of heal wounds.
  5018 | D:7      | Killed a two-headed ogre
  5024 | D:7      | 5024 ||| Stepping ~*~*~tactically~*~*~ (stealth).
  5033 | D:7      | 5033 ||| INVOKING Heroism.
  5081 | D:7      | 5081 ||| INVOKING Heroism.
  5087 | D:7      | Reached skill level 6 in Fighting
  5180 | D:7      | Noticed a purple ugly thing
  5188 | D:7      | Killed a purple ugly thing
  5188 | D:7      | Reached ** piety under Okawaru
  5190 | D:7      | 5190 ||| INVOKING Heroism.
  5303 | D:7      | 5303 ||| Stepping ~*~*~tactically~*~*~ (stealth).
  5305 | D:7      | 5305 ||| Stepping ~*~*~tactically~*~*~ (cloud).
  5306 | D:7      | 5306 ||| Stepping ~*~*~tactically~*~*~ (cloud).
  5309 | D:7      | 5309 ||| INVOKING Heroism.
  5310 | D:7      | 5310 ||| Stepping ~*~*~tactically~*~*~ (cloud).
  5319 | D:7      | Reached XP level 10. HP: 59/60 MP: 11/13
  5372 | D:7      | Reached skill level 9 in Axes
  5398 | D:7      | 5398 ||| Stepping ~*~*~tactically~*~*~ (cloud).
  5401 | D:7      | 5401 ||| Stepping ~*~*~tactically~*~*~ (cloud).
  5402 | D:7      | 5402 ||| INVOKING Heroism.
  5448 | D:7      | 5448 ||| INVOKING Heroism.
  5450 | D:7      | Reached skill level 9 in Shields
  5620 | D:7      | 5620 ||| Stepping ~*~*~tactically~*~*~ (hiding).
  5682 | D:7      | 5682 ||| INVOKING Heroism.
  5683 | D:7      | 5683 ||| Stepping ~*~*~tactically~*~*~ (stealth).
  5689 | D:7      | 5689 ||| Stepping ~*~*~tactically~*~*~ (hiding).
  5813 | D:7      | Noticed Joseph
  5814 | D:7      | 5814 ||| Stepping ~*~*~tactically~*~*~ (hiding).
  5821 | D:7      | 5821 ||| INVOKING Heroism.
  5824 | D:7      | HP: 12/63 [Joseph/+0 quarterstaff (11)]
  5825 | D:7      | 5825 ||| DRINKING potion of heal wounds.
  5831 | D:7      | Killed Joseph
  6008 | D:7      | 6008 ||| Stepping ~*~*~tactically~*~*~ (stealth).
  6263 | D:7      | 6263 ||| UPGRADING to +0 chain mail.
  6273 | D:7      | 6273 ||| DROPPING +0 scale mail.
  6274 | D:7      | 6274 ||| UPGRADING to +1 chain mail of willpower.
  6284 | D:7      | 6284 ||| DROPPING +0 chain mail.
  6285 | D:7      | 6285 ||| READING 3 scrolls of identify.
  6285 | D:7      | 6285 ||| IDENTIFYING dark potion
  6286 | D:7      | 6286 ||| READING 2 scrolls of identify.
  6286 | D:7      | 6286 ||| IDENTIFYING fuming dark potion
  6310 | D:8      | 6310 ||| STAIRDANCE
  6521 | D:8      | Reached skill level 10 in Axes
  6620 | D:8      | 6620 ||| INVOKING Heroism.
  6639 | D:8      | 6639 ||| Stepping ~*~*~tactically~*~*~ (hiding).
  6752 | D:8      | 6752 ||| INVOKING Heroism.
  6760 | D:8      | Reached *** piety under Okawaru
  6843 | D:8      | 6843 ||| Stepping ~*~*~tactically~*~*~ (hiding).
  6993 | D:8      | 6993 ||| Stepping ~*~*~tactically~*~*~ (stealth).
  6995 | D:8      | Noticed Psyche
  6996 | D:8      | 6996 ||| INVOKING Heroism.
  7000 | D:8      | Killed Psyche
  7549 | D:9      | 7549 ||| Stepping ~*~*~tactically~*~*~ (hiding).
  7551 | D:9      | 7551 ||| Stepping ~*~*~tactically~*~*~ (hiding).
  7552 | D:9      | 7552 ||| Stepping ~*~*~tactically~*~*~ (hiding).
  7561 | D:9      | 7561 ||| Stepping ~*~*~tactically~*~*~ (hiding).
  7562 | D:9      | 7562 ||| Stepping ~*~*~tactically~*~*~ (hiding).
  7568 | D:9      | 7568 ||| INVOKING Heroism.
  7578 | D:9      | Reached XP level 11. HP: 68/68 MP: 12/14
  7617 | D:9      | 7617 ||| Stepping ~*~*~tactically~*~*~ (hiding).
  7620 | D:9      | 7620 ||| INVOKING Heroism.
  7708 | D:9      | Reached skill level 3 in Throwing
  7743 | D:9      | 7743 ||| INVOKING Heroism.
  7744 | D:9      | 7744 ||| Stepping ~*~*~tactically~*~*~ (stealth).
  7789 | D:9      | Noticed Erica
  7790 | D:9      | 7790 ||| Stepping ~*~*~tactically~*~*~ (hiding).
  7793 | D:9      | 7793 ||| INVOKING Heroism.
  7798 | D:9      | Killed Erica
  7799 | D:9      | Reached skill level 11 in Axes
  8070 | D:9      | 8070 ||| Stepping ~*~*~tactically~*~*~ (hiding).
  8071 | D:9      | 8071 ||| Stepping ~*~*~tactically~*~*~ (hiding).
  8095 | D:9      | 8095 ||| INVOKING Heroism.
  8136 | D:9      | Found a staircase to the Lair.
  8292 | D:9      | 8292 ||| PLANNING LAIR
  8292 | D:9      | 8292 ||| UPGRADING to +0 plate armour.
  8302 | D:9      | 8302 ||| DROPPING +1 chain mail of willpower.
  8303 | D:9      | 8303 ||| READING scroll of enchant armour.
  8303 | D:9      | 8303 ||| ENCHANTING +0 plate armour.
  8304 | D:9      | 8304 ||| DROPPING ring of positive energy.
  8305 | D:9      | 8305 ||| UPGRADING to +6 ring of dexterity.
  8324 | Lair:1   | Entered Level 1 of the Lair of Beasts
  8386 | Lair:1   | 8386 ||| INVOKING Heroism.
  8484 | Lair:1   | 8484 ||| Stepping ~*~*~tactically~*~*~ (stealth).
  8486 | Lair:1   | 8486 ||| Stepping ~*~*~tactically~*~*~ (stealth).
  8520 | Lair:1   | 8520 ||| INVOKING Heroism.
  8775 | Lair:1   | 8775 ||| INVOKING Heroism.
  8803 | Lair:1   | 8803 ||| INVOKING Heroism.
  8809 | Lair:1   | Reached skill level 6 in Armour
  8940 | Lair:1   | Found a dark tunnel.
  8963 | Lair:1   | 8963 ||| Stepping ~*~*~tactically~*~*~ (stealth).
  8966 | Lair:1   | 8966 ||| Stepping ~*~*~tactically~*~*~ (stealth).
  8981 | Lair:1   | 8981 ||| INVOKING Heroism.
  9022 | Lair:1   | 9022 ||| INVOKING Heroism.
  9227 | Lair:1   | 9227 ||| INVOKING Heroism.
  9328 | Lair:2   | Found a transporter.
  9331 | Lair:2   | Found a transporter.
  9384 | Lair:2   | 9384 ||| Stepping ~*~*~tactically~*~*~ (stealth).
  9386 | Lair:2   | 9386 ||| Stepping ~*~*~tactically~*~*~ (stealth).
  9387 | Lair:2   | 9387 ||| Stepping ~*~*~tactically~*~*~ (stealth).
  9388 | Lair:2   | 9388 ||| Stepping ~*~*~tactically~*~*~ (stealth).
  9401 | Lair:2   | Reached **** piety under Okawaru
  9426 | Lair:2   | Identified the +2 dagger of Touliwac {freeze, rPois rF+
                  | Dex+3}
  9432 | Lair:2   | Found a hazy altar of Hepliaklqana.
  9448 | Lair:2   | Reached skill level 9 in Fighting
  9482 | Lair:2   | 9482 ||| INVOKING Heroism.
  9701 | Lair:2   | 9701 ||| Stepping ~*~*~tactically~*~*~ (hiding).
  9716 | Lair:2   | 9716 ||| INVOKING Heroism.
  9728 | Lair:2   | Reached XP level 12. HP: 50/76 MP: 13/16
  9817 | Lair:2   | Found a staircase to the Snake Pit.
  9852 | Lair:2   | Noticed qw's ghost (journeyman GrCA)
  9852 | Lair:2   | Noticed a wretched star
  9860 | Lair:2   | Found a one-way gate to the infinite horrors of the Abyss.
 10096 | Lair:2   | 10096 ||| READING scroll labelled QYFISHO SIUHI.
 10096 | Lair:2   | Identified a scroll of acquirement
 10096 | Lair:2   | 10096 ||| ACQUIRING +5 broad axe of Dewanane {freeze, rElec
                  | rCorr}
 10096 | Lair:2   | Acquired the +5 broad axe of Dewanane {freeze, rElec rCorr}
 10098 | Lair:2   | 10098 ||| SWAPPING to +5 broad axe of Dewanane {freeze,
                  | rElec rCorr}.
 10099 | Lair:2   | 10099 ||| READING 2 scrolls of identify.
 10099 | Lair:2   | 10099 ||| IDENTIFYING golden potion
 10119 | Lair:3   | 10119 ||| Stepping ~*~*~tactically~*~*~ (hiding).
 10120 | Lair:3   | 10120 ||| INVOKING Heroism.
 10206 | Lair:3   | 10206 ||| Stepping ~*~*~tactically~*~*~ (stealth).
 10208 | Lair:3   | 10208 ||| Stepping ~*~*~tactically~*~*~ (stealth).
 10211 | Lair:3   | Reached skill level 6 in Invocations
 10218 | Lair:3   | Received a gift from Okawaru
 10221 | Lair:3   | 10221 ||| INVOKING Heroism.
 10337 | Lair:3   | Found a runed translucent door.
 10337 | Lair:3   | Noticed qw's ghost (journeyman GrFi)
 10391 | Lair:3   | 10391 ||| Stepping ~*~*~tactically~*~*~ (stealth).
 10526 | Lair:3   | Found a staircase to the Shoals.
 10770 | Lair:3   | 10770 ||| INVOKING Heroism.
 11075 | Lair:3   | 11075 ||| READING scroll labelled YNODOPP MEUWKASA.
 11142 | Lair:4   | 11142 ||| Stepping ~*~*~tactically~*~*~ (stealth).
 11145 | Lair:4   | 11145 ||| Stepping ~*~*~tactically~*~*~ (stealth).
 11150 | Lair:4   | 11150 ||| Stepping ~*~*~tactically~*~*~ (stealth).
 11159 | Lair:4   | 11159 ||| INVOKING Heroism.
 11161 | Lair:4   | Reached skill level 12 in Axes
 11367 | Lair:4   | Noticed a five-headed hydra
 11368 | Lair:4   | 11368 ||| INVOKING Heroism.
 11372 | Lair:4   | 11372 ||| SWAPPING to +4 war axe of flaming.
 11376 | Lair:4   | Killed a two-headed hydra
 11377 | Lair:4   | 11377 ||| SWAPPING to +5 broad axe of Dewanane {freeze,
                  | rElec rCorr}.
 11408 | Lair:4   | Noticed a skyshark
 11424 | Lair:4   | Killed a skyshark
 11424 | Lair:4   | Reached ***** piety under Okawaru
 11425 | Lair:4   | Reached skill level 3 in Dodging
 11425 | Lair:4   | 11425 ||| INVOKING Heroism.
 12211 | Lair:4   | 12211 ||| UPGRADING to +0 pair of gloves.
 12216 | Lair:4   | 12216 ||| READING 2 scrolls of identify.
 12216 | Lair:4   | 12216 ||| IDENTIFYING ruby potion
 12259 | Lair:5   | Entered Level 5 of the Lair of Beasts
 12259 | Lair:5   | Noticed Josephine
 12260 | Lair:5   | 12260 ||| INVOKING Heroism.
 12275 | Lair:5   | Killed Josephine
 12281 | Lair:5   | Reached skill level 9 in Invocations
 12307 | Lair:5   | Noticed a six-headed hydra
 12308 | Lair:5   | 12308 ||| INVOKING Heroism.
 12313 | Lair:5   | 12313 ||| SWAPPING to +4 war axe of flaming.
 12314 | Lair:5   | Killed a five-headed hydra
 12315 | Lair:5   | 12315 ||| SWAPPING to +5 broad axe of Dewanane {freeze,
                  | rElec rCorr}.
 12348 | Lair:5   | 12348 ||| Stepping ~*~*~tactically~*~*~ (stealth).
 12392 | Lair:5   | 12392 ||| Stepping ~*~*~tactically~*~*~ (stealth).
 12435 | Lair:5   | 12435 ||| INVOKING Heroism.
 12482 | Lair:5   | 12482 ||| Stepping ~*~*~tactically~*~*~ (stealth).
 12486 | Lair:5   | 12486 ||| Stepping ~*~*~tactically~*~*~ (stealth).
 12487 | Lair:5   | 12487 ||| Stepping ~*~*~tactically~*~*~ (stealth).
 12490 | Lair:5   | 12490 ||| Stepping ~*~*~tactically~*~*~ (stealth).
 12491 | Lair:5   | 12491 ||| Stepping ~*~*~tactically~*~*~ (stealth).
 12494 | Lair:5   | 12494 ||| Stepping ~*~*~tactically~*~*~ (stealth).
 12509 | Lair:5   | Reached XP level 13. HP: 63/80 MP: 20/20
 12513 | Lair:5   | 12513 ||| Stepping ~*~*~tactically~*~*~ (stealth).
 12527 | Lair:5   | 12527 ||| INVOKING Heroism.
 12671 | Lair:5   | 12671 ||| Stepping ~*~*~tactically~*~*~ (stealth).
 12686 | Lair:5   | 12686 ||| INVOKING Heroism.
 12746 | Lair:5   | 12746 ||| INVOKING Heroism.
 12922 | Lair:5   | 12922 ||| INVOKING Heroism.
 13038 | Lair:5   | Found a blossoming altar of Fedhas.
 13072 | Lair:5   | 13072 ||| INVOKING Heroism.
 13075 | Lair:5   | Reached skill level 13 in Axes
 13235 | Lair:5   | 13235 ||| Stepping ~*~*~tactically~*~*~ (stealth).
 13237 | Lair:5   | 13237 ||| INVOKING Heroism.
 13315 | Lair:5   | 13315 ||| Stepping ~*~*~tactically~*~*~ (stealth).
 13338 | Lair:5   | 13338 ||| INVOKING Heroism.
 13358 | Lair:5   | Reached skill level 9 in Armour
 13452 | Lair:5   | 13452 ||| Stepping ~*~*~tactically~*~*~ (stealth).
 13453 | Lair:5   | 13453 ||| Stepping ~*~*~tactically~*~*~ (stealth).
 13476 | Lair:5   | 13476 ||| Stepping ~*~*~tactically~*~*~ (stealth).
 13488 | Lair:5   | 13488 ||| INVOKING Heroism.
 13548 | Lair:5   | Found a viscous altar of Jiyva.
 13583 | Lair:5   | Found a staircase to the Slime Pits.
 13593 | Lair:5   | Noticed Urug
 13594 | Lair:5   | 13594 ||| Stepping ~*~*~tactically~*~*~ (stealth).
 13597 | Lair:5   | 13597 ||| Stepping ~*~*~tactically~*~*~ (hiding).
 13602 | Lair:5   | 13602 ||| INVOKING Heroism.
 13603 | Lair:5   | 13603 ||| INVOKING Finesse.
 13612 | Lair:5   | Killed Urug
 13666 | Lair:5   | 13666 ||| INVOKING Heroism.
 13668 | Lair:5   | 13668 ||| Stepping ~*~*~tactically~*~*~ (stealth).
 13850 | Lair:5   | 13850 ||| Stepping ~*~*~tactically~*~*~ (stealth).
 13857 | Lair:5   | 13857 ||| INVOKING Heroism.
 14144 | Lair:5   | 14144 ||| PLANNING D:1-11
 14144 | Lair:5   | 14144 ||| UPGRADING to amulet of reflection.
 14149 | Lair:5   | 14149 ||| DROPPING amulet of the acrobat.
 14150 | Lair:5   | 14150 ||| READING 3 scrolls of identify.
 14150 | Lair:5   | 14150 ||| IDENTIFYING purple potion
 14295 | D:10     | Entered Level 10 of the Dungeon
 14337 | D:10     | Noticed Erolcha
 14338 | D:10     | 14338 ||| INVOKING Heroism.
 14339 | D:10     | 14339 ||| INVOKING Finesse.
 14344 | D:10     | Received a gift from Okawaru
 14347 | D:10     | 14347 ||| Stepping ~*~*~tactically~*~*~ (hiding).
 14348 | D:10     | 14348 ||| Stepping ~*~*~tactically~*~*~ (hiding).
 14353 | D:10     | Killed Erolcha
 14465 | D:10     | Reached skill level 14 in Axes
 14474 | D:10     | Gained mutation: Your large and strong wings let you fly.
                  | [Gargoyle growth]
 14474 | D:10     | Reached XP level 14. HP: 88/88 MP: 21/21
 14490 | D:10     | 14490 ||| INVOKING Heroism.
 14529 | D:10     | Received a gift from Okawaru
 14547 | D:10     | 14547 ||| Stepping ~*~*~tactically~*~*~ (stealth).
 14550 | D:10     | 14550 ||| Stepping ~*~*~tactically~*~*~ (stealth).
 14554 | D:10     | 14554 ||| Stepping ~*~*~tactically~*~*~ (hiding).
 14575 | D:10     | 14575 ||| DROPPING +1 antimagic broad axe.
 14595 | D:10     | Identified the amulet "Mummagg" {Faith Regen+ Str+2}
 14596 | D:10     | 14596 ||| INVOKING Heroism.
 14695 | D:10     | 14695 ||| Stepping randomly (disturbance).
 14773 | D:10     | Found a staircase to the Orcish Mines.
 15112 | D:10     | 15112 ||| UPGRADING to amulet "Mummagg" {Faith Regen+
                  | Str+2}.
 15122 | D:10     | 15122 ||| DROPPING amulet of reflection.
 15196 | D:11     | 15196 ||| Stepping ~*~*~tactically~*~*~ (hiding).
 15400 | D:11     | 15400 ||| Stepping ~*~*~tactically~*~*~ (hiding).
 15608 | D:11     | Reached skill level 12 in Shields
 15718 | D:11     | 15718 ||| Stepping ~*~*~tactically~*~*~ (stealth).
 15721 | D:11     | 15721 ||| Stepping ~*~*~tactically~*~*~ (stealth).
 15912 | D:11     | 15912 ||| Stepping ~*~*~tactically~*~*~ (hiding).
 15914 | D:11     | 15914 ||| Stepping ~*~*~tactically~*~*~ (hiding).
 16164 | D:11     | 16164 ||| PLANNING D
 16164 | D:11     | 16164 ||| DROPPING +2 pair of boots "Pawibrin" {-Tele +Inv
                  | rF- Int+8}.
 16165 | D:11     | 16165 ||| UPGRADING to +2 pair of boots.
 16220 | D:12     | 16220 ||| Stepping ~*~*~tactically~*~*~ (hiding).
 16242 | D:12     | 16242 ||| Stepping ~*~*~tactically~*~*~ (stealth).
 16251 | D:12     | Received a gift from Okawaru
 16826 | D:12     | Noticed Gastronok
 16835 | D:12     | 16835 ||| INVOKING Heroism.
 16843 | D:12     | Killed Gastronok
 16903 | D:12     | Found a blossoming altar of Fedhas.
 17048 | D:12     | 17048 ||| DROPPING +1 pair of boots of flying.
 17049 | D:12     | 17049 ||| READING scroll labelled ZOIG QIAZOO.
 17050 | D:12     | 17050 ||| DROPPING scroll of fear.
 17089 | D:13     | 17089 ||| INVOKING Heroism.
 17090 | D:13     | 17090 ||| INVOKING Finesse.
 17153 | D:13     | 17153 ||| Stepping ~*~*~tactically~*~*~ (stealth).
 17155 | D:13     | 17155 ||| Stepping ~*~*~tactically~*~*~ (stealth).
 17156 | D:13     | 17156 ||| Stepping ~*~*~tactically~*~*~ (stealth).
 17178 | D:13     | Found a frozen archway.
 17241 | D:13     | Received a gift from Okawaru
 17310 | D:13     | 17310 ||| Stepping ~*~*~tactically~*~*~ (hiding).
 17311 | D:13     | 17311 ||| Stepping ~*~*~tactically~*~*~ (hiding).
 17430 | D:13     | 17430 ||| Stepping ~*~*~tactically~*~*~ (stealth).
 17433 | D:13     | 17433 ||| Stepping ~*~*~tactically~*~*~ (stealth).
 17561 | D:13     | 17561 ||| Stepping ~*~*~tactically~*~*~ (hiding).
 17565 | D:13     | Reached ****** piety under Okawaru
 17566 | D:13     | Reached skill level 6 in Throwing
 17700 | D:13     | Found a hazy altar of Hepliaklqana.
 17862 | D:14     | Found a gate to the Vaults.
 17931 | D:14     | Noticed Kirke
 17932 | D:14     | 17932 ||| INVOKING Heroism.
 17933 | D:14     | 17933 ||| INVOKING Finesse.
 17934 | D:14     | Received a gift from Okawaru
 17955 | D:14     | Killed Kirke
 17956 | D:14     | 17956 ||| SWAPPING to +4 war axe of flaming.
 17959 | D:14     | Received a gift from Okawaru
 17960 | D:14     | 17960 ||| SWAPPING to +5 broad axe of Dewanane {freeze,
                  | rElec rCorr}.
 18079 | D:14     | Noticed Roxanne
 18080 | D:14     | 18080 ||| INVOKING Heroism.
 18081 | D:14     | 18081 ||| INVOKING Finesse.
 18104 | D:14     | Killed Roxanne
 18105 | D:14     | Reached skill level 15 in Axes
 18206 | D:14     | 18206 ||| Stepping ~*~*~tactically~*~*~ (hiding).
 18439 | D:14     | Found Pifo's Jewellery Emporium.
 18448 | D:14     | 18448 ||| BUYING +4 ring of protection (612 gold).
 18448 | D:14     | Bought a +4 ring of protection for 612 gold pieces
 18448 | D:14     | 18448 ||| BUYING ring of resist corrosion (340 gold).
 18448 | D:14     | Bought a ring of resist corrosion for 340 gold pieces
 18461 | D:14     | Found a glowing silver altar of Zin.
 18466 | D:14     | 18466 ||| UPGRADING to +4 ring of protection.
 18468 | D:14     | 18468 ||| DROPPING ring of positive energy.
 18469 | D:14     | 18469 ||| DROPPING ring of willpower.
 18470 | D:14     | 18470 ||| UPGRADING to ring of protection from cold.
 18516 | D:15     | Entered Level 15 of the Dungeon
 18520 | D:15     | 18520 ||| STAIRDANCE
 18526 | D:14     | 18526 ||| INVOKING Heroism.
 18530 | D:14     | Reached XP level 15. HP: 58/95 MP: 19/22
 18604 | D:15     | Identified the +8 short sword of Giav {venom, rN+}
 18611 | D:15     | 18611 ||| Stepping ~*~*~tactically~*~*~ (hiding).
 18614 | D:15     | 18614 ||| Stepping ~*~*~tactically~*~*~ (hiding).
 18670 | D:15     | 18670 ||| Stepping ~*~*~tactically~*~*~ (hiding).
 18682 | D:15     | 18682 ||| INVOKING Heroism.
 18685 | D:15     | Reached skill level 12 in Fighting
 18685 | D:15     | Received a gift from Okawaru
 18699 | D:15     | Received a gift from Okawaru
 18716 | D:15     | 18716 ||| INVOKING Heroism.
 18775 | D:15     | 18775 ||| DROPPING +3 antimagic broad axe.
 18904 | D:15     | 18904 ||| Stepping ~*~*~tactically~*~*~ (hiding).
 18907 | D:15     | 18907 ||| Stepping ~*~*~tactically~*~*~ (hiding).
 19094 | D:15     | 19094 ||| INVOKING Heroism.
 19240 | D:15     | Found a staircase to the Depths.
 19242 | D:15     | 19242 ||| INVOKING Heroism.
 19433 | D:15     | Noticed Rupert
 19434 | D:15     | 19434 ||| INVOKING Heroism.
 19434 | D:15     | Paralysed by Rupert for 2 turns
 19436 | D:15     | 19436 ||| INVOKING Finesse.
 19455 | D:15     | Killed Rupert
 19455 | D:15     | Received a gift from Okawaru
 19456 | D:15     | Reached skill level 16 in Axes
 19580 | D:15     | 19580 ||| PLANNING ORC
 19709 | Orc:1    | Entered Level 1 of the Orcish Mines
 19712 | Orc:1    | 19712 ||| INVOKING Heroism.
 19716 | Orc:1    | Noticed Jorgrun
 19717 | Orc:1    | 19717 ||| INVOKING Finesse.
 19723 | Orc:1    | 19723 ||| STAIRDANCE
 19777 | Orc:1    | 19777 ||| INVOKING Finesse.
 19788 | Orc:1    | 19788 ||| INVOKING Heroism.
 19791 | Orc:1    | Killed Jorgrun
 19866 | Orc:1    | Found a runed translucent door.
 19866 | Orc:1    | Noticed Dinant's ghost (journeyman DsMo)
 19995 | Orc:2    | Entered Level 2 of the Orcish Mines
 20259 | Orc:2    | Found a staircase to the Elven Halls.
 20272 | Orc:2    | 20272 ||| INVOKING Heroism.
 20283 | Orc:2    | Noticed Blork the orc
 20295 | Orc:2    | Paralysed by an orc sorcerer for 2 turns
 20298 | Orc:2    | Killed Blork the orc
 20298 | Orc:2    | Received a gift from Okawaru
 20301 | Orc:2    | Noticed Saint Roka
 20302 | Orc:2    | 20302 ||| INVOKING Finesse.
 20304 | Orc:2    | HP: 14/95 [Saint Roka/divine providence (15)]
 20305 | Orc:2    | 20305 ||| READING 5 scrolls of teleportation.
 20306 | Orc:2    | 20306 ||| DRINKING 13 potions of curing.
 20306 | Orc:2    | 20306 ||| (to cure confusion)
 20307 | Orc:2    | 20307 ||| DRINKING 2 potions of heal wounds.
 20318 | Orc:2    | 20318 ||| Stepping ~*~*~tactically~*~*~ (stealth).
 20319 | Orc:2    | 20319 ||| Stepping ~*~*~tactically~*~*~ (stealth).
 20344 | Orc:2    | 20344 ||| INVOKING Heroism.
 20351 | Orc:2    | 20351 ||| INVOKING Finesse.
 20367 | Orc:2    | HP: 23/96 [orc knight/+3 war axe (6)]
 20368 | Orc:2    | 20368 ||| READING 4 scrolls of teleportation.
 20369 | Orc:2    | 20369 ||| DRINKING potion of heal wounds.
 20369 | Orc:2    | HP: 10/96 [Saint Roka/+3 dire flail (17)]
 20375 | Orc:2    | HP: 3/96 [Saint Roka/divine providence (10)]
 20377 | Orc:2    | Slain by an orc warrior

Levels and vault maps discovered:
D:1:      arrival_aquarium_b, layout_basic
D:2:      layout_loops_ring
D:3:      cheibrodos_thug_alley, layout_basic, mainiacjoe_overflow_alcove_4,
          lemuel_tele_altar
D:4:      layout_rooms, serial_shops, nicolae_shop_trees
D:5:      layout_rooms, mainiacjoe_overflow_big_doors, lemuel_temple_firewalk_a,
          serial_bayou_pond_a, uniq_grinder
D:6:      layout_basic, serial_glass, glass_columns_a, glass_columns_c,
          due_unseen_surprise, item_on_display_b, feat_on_display,
          item_on_display_a
D:7:      kennysheep_windowed_halls, layout_basic, uniq_joseph, uniq_duvessa
D:8:      layout_loops_corners, uniq_psyche
D:9:      nicolae_cairo_tiling_very_big, layout_loops_ring, lair_entry_dummy,
          blue_anna_alchemist, uniq_erica
D:10:     layout_irregular_city, orc_0_dummy, minmay_pinched_square,
          uniq_erolcha
D:11:     layout_gridville, nrook_loot_triangle
D:12:     layout_basic, fedhas_altar_1, uniq_gastronok
D:13:     layout_roguey [special_room_orc], portal_ice_cave_entry_ice_simulacra,
          nicolae_hepliaklqana_monster_ancestors
D:14:     layout_rooms, serial_shops, shop, zin_scriptorium, uniq_kirke,
          uniq_roxanne
D:15:     grunt_enter_depths_snipers, layout_irregular_city,
          minmay_misc_feat_four_crosses, uniq_rupert
Lair:1:   layout_cave_pods, nicolae_volcano_entry_two_sided
Lair:2:   layout_regular_city, minmay_snake_entry_guardpost_medium,
          gammafunk_ghost_abyssal_escape, basic_altar
Lair:3:   layout_chaotic_city, minmay_shoals_entry_beasts,
          hellmonk_ghost_happy_afterlife
Lair:4:   layout_gridlike, grunt_forest_stairs_basic
Lair:5:   hangedman_lair_tendril_chambers, layout_small_grid,
          nicolae_slime_entry_field_trip, basic_altar, uniq_urug, uniq_josephine
Orc:1:    layout_caves, basic_altar, gammafunk_ghost_grave, uniq_jorgrun
Orc:2:    grunt_orc_cross, layout_caves

Skill      XL: |  1  2  3  4  5  6  7  8  9 10 11 12 13 14 15 |
---------------+----------------------------------------------+-----
Axes           | 2 3 4 5 6 8 10 11 12 14 15 16 | 16.0
Fighting       | 4 5 6 8 9 10 11 12 | 12.0
Dodging        | 1 2 3 |  3.7
Invocations    | 1 3 4 5 9 10 | 10.0
Throwing       | 1 2 3 4 6 |  6.0
Shields        | 4 8 9 10 11 12 | 12.4
Armour         | 4 7 8 9 10 11 | 11.0

Action                     |  1- 3 |  4- 6 |  7- 9 | 10-12 | 13-15 || total
---------------------------+-------+-------+-------+-------+-------++-------
  Melee: War axe           |   109 |   134 |   141 |   270 |     3 ||   657
         Kick              |       |     2 |    44 |   122 |   107 ||   275
         Broad axe         |       |       |       |   150 |   764 ||   914
  Throw: Javelin           |       |       |     5 |   104 |    67 ||   176
         Boomerang         |       |       |     3 |    25 |    69 ||    97
 Invoke: Heroism           |       |       |    14 |    30 |    28 ||    72
         Finesse           |       |       |       |       |    10 ||    10
    Use: Scroll            |     7 |    11 |     4 |     7 |     4 ||    33
         Potion            |       |     5 |     1 |     1 |     3 ||    10
   Stab: Distracted        |       |       |       |       |     1 ||     1
 Armour: Scale mail        |    49 |    88 |    63 |    31 |       ||   231
         Chain mail        |       |       |       |    25 |       ||    25
         Plate armour      |       |       |       |   112 |   373 ||   485
  Dodge: Dodged            |    33 |    57 |    66 |    81 |   181 ||   418
  Block: Buckler           |    18 |    21 |    14 |       |       ||    53
         Kite shield       |       |       |    21 |   207 |   429 ||   657
         Reflection        |       |       |       |       |     3 ||     3

Table legend:
 A = Non-vault XP
 B = Vault XP
 C = Vault XP percentage of total XP
 D = Non-vault monster count
 E = Vault monster count
 F = Vault count percentage of total count
                 A         B        C        D         E       F
            +---------+---------+-------+---------+---------+-------
      Total |   72396 |   42506 |  37.0 |     408 |     180 |  30.6
            +---------+---------+-------+---------+---------+-------
        D:1 |      29 |       0 |   0.0 |      16 |       0 |   0.0
        D:2 |      57 |       0 |   0.0 |      22 |       0 |   0.0
        D:3 |      90 |      14 |  13.5 |      22 |      10 |  31.2
        D:4 |     245 |       0 |   0.0 |      18 |       0 |   0.0
        D:5 |     587 |     286 |  32.8 |      20 |       1 |   4.8
        D:6 |     865 |       0 |   0.0 |      18 |       0 |   0.0
        D:7 |     965 |    4063 |  80.8 |      15 |      23 |  60.5
        D:8 |    1439 |     353 |  19.7 |      22 |       1 |   4.3
        D:9 |     842 |     937 |  52.7 |      22 |       2 |   8.3
       D:10 |    2863 |    5156 |  64.3 |      12 |      16 |  57.1
       D:11 |    5581 |       0 |   0.0 |      23 |       0 |   0.0
       D:12 |    4339 |    1476 |  25.4 |      18 |       1 |   5.3
       D:13 |    7548 |    1537 |  16.9 |      15 |      36 |  70.6
       D:14 |    4494 |    3610 |  44.5 |       9 |       6 |  40.0
       D:15 |   13307 |    4542 |  25.4 |      24 |       4 |  14.3
     Lair:1 |    4107 |       0 |   0.0 |      17 |       0 |   0.0
     Lair:2 |    2423 |    1127 |  31.7 |      11 |       7 |  38.9
     Lair:3 |    2952 |     855 |  22.5 |      18 |       2 |  10.0
     Lair:4 |    4894 |       0 |   0.0 |      21 |       0 |   0.0
     Lair:5 |   11736 |   12315 |  51.2 |      47 |      45 |  48.9
      Orc:1 |    1713 |    1840 |  51.8 |      10 |       1 |   9.1
      Orc:2 |    1320 |    4395 |  76.9 |       8 |      25 |  75.8
            +---------+---------+-------+---------+---------+-------
